 Dungeon Crawl Stone Soup version 0.31-a0-986-g5e6e4ef867 (webtiles) character file.

Game seed: 8785337580688952850

1598 quinnr the Zephyrmancer (level 8, -2/72 HPs)
             Began as a Tengu Air Elementalist on Nov 25, 2023.
             Slain by an orc warrior
             ... wielding a +0 long sword
              (9 damage)
             ... on level 5 of the Dungeon.
             The game lasted 00:16:32 (8343 turns).

quinnr the Zephyrmancer (Tengu Air Elementalist)    Turns: 8343, Time: 00:16:33

Health: -2/72      AC: 24    Str:  9    XL:     8   Next: 94%
Magic:  0/15       EV:  2    Int: 17    God:
Gold:   527        SH:  0    Dex: 15    Spells: 6/16 levels left

rFire   . . .        w - +2 dagger (venom)
rCold   . . .        (no shield)
rNeg    . . .        a - melded +0 robe
rPois   +            (helmet currently unavailable)
rElec   .            p - melded +0 cloak
rCorr   .            (gloves currently unavailable)
SInv    .            (boots unavailable)
Will    .....        (no amulet)
Stlth   +++          (no ring)
HPRegen 0.32/turn    (no ring)
MPRegen 0.14/turn

%: acrobat
@: tree-form
A: stationary, stasis, torment immunity, boosted hp, (beak), (talons 3), evasive
flight, acrobatic
a: no special abilities


You were on level 5 of the Dungeon.
You were a tree.
You visited 2 branches of the dungeon, and saw 7 of its levels.
You also visited: Sewer and Ossuary.

You collected 527 gold pieces.


Innate Abilities, Weirdness & Mutations

You are a tree.
Your roots penetrate the ground, keeping you stationary.
You cannot be teleported.
You are immune to unholy pain and torment.
Your maximum health is greatly increased.
Your equipment is partially melded.
((You have a beak for a mouth.))
((You have claws for feet.))
Your magical flight helps you evade attacks. (EV +4)
You can magically evade attacks while moving or waiting.


   Skills:
 - Level 4.0 Fighting
 + Level 3.2 Dodging
 - Level 5.0 Stealth
 + Level 4.6 Spellcasting
 - Level 3.0 Conjurations
 + Level 8.7 Air Magic
 + Level 3.9 Evocations


You had 6 spell levels left.
You knew the following spells:

 Your Spells              Type           Power      Damage    Failure   Level
a - Airstrike             Air            16%        2d(3-19)  4%          4
i - Swiftness             Air            33%        N/A       1%          3
t - Static Discharge      Conj/Air       46%        3-5/arc   1%          2
z - Shock                 Conj/Air       92%        1d8       1%          1

Your spell library contained the following spells:

 Spells                   Type           Power      Damage    Failure   Level
 Lesser Beckoning         Tloc           6%         N/A       22%         2
 Sublimation of Blood     Necr           3%         N/A       22%         2
 Gell's Gravitas          Tloc           3%         N/A       41%         3
 Teleport Other           Tloc           3%         N/A       41%         3
 Petrify                  Tmut/Erth      3%         N/A       83%         4
 Irradiate                Conj/Tmut      4%         3d13      92%         5

Inventory:

Hand Weapons
 w - a +2 dagger of venom (weapon)
 x - a +0 dagger of freezing
 A - a +1 whip of electrocution
Armour
 a - a +0 robe (melded)
 k - an orb of wrath
 p - a +0 cloak (melded)
Magical Staves
 l - a staff of death {!a}
Jewellery
 v - an amulet of reflection
 E - a +5 ring of evasion
Wands
 f - a wand of mindburst (26)
 z - a wand of flame (45)
Scrolls
 d - 4 scrolls of noise
 h - a scroll of fog
 i - 2 scrolls of teleportation {@r2}
 n - 4 scrolls of poison
 o - 2 scrolls of enchant armour
 y - a scroll of fear {unknown}
Potions
 b - a potion of magic
 c - 4 potions of cancellation
 e - 4 potions of degeneration
 g - 2 potions of lignification
 j - 3 potions of mutation
 m - 4 potions of enlightenment
 r - a potion of resistance {unknown}
 s - 2 potions of attraction
 t - a potion of heal wounds {unknown}
 u - a potion of might {unknown}

Dungeon Overview and Level Annotations

Branches:
Dungeon (6/15)             Temple (1/1) D:6           Sewer (visited)
Ossuary (visited)

Altars:
Ashenzari
Cheibriados
Dithmenos
Gozag
Kikubaaqudgha
Makhleb
Nemelex Xobeh
Okawaru
Qazlal
Ru
Uskayaw
Wu Jian
Xom
Yredelemnul
Zin
The Shining One

Shops:
D:1 ?

Annotations:
D:4 1 runed translucent door, Jeffwins's ghost, novice DrSh

#<....##..........#.......#
########.......>..........#
#..................#
##................##
#................#
#................#
#.........########
#............#####
#...♣o...........####
####..............)..
###.......###.....
##...###########.
#..........# ##
###..........#
#............#
#............#
#............#


You could see an orc warrior (extremely poisoned).


Message History

You don't have enough magic to cast this spell.
Unknown command.
Unknown command.
Unknown command.
You hit the orc warrior but do no damage.
The orc warrior is moderately wounded.
The orc warrior hits you but does no damage.
You hit the orc warrior.
The orc warrior is poisoned.
The orc warrior is heavily wounded.
The orc warrior hits you but does no damage.
You hit the orc warrior but do no damage.
The orc warrior looks as sick as possible!
The orc warrior is heavily wounded.
The orc warrior hits you with a +0 long sword!
* * * LOW HITPOINT WARNING * * *
Casting: Static Discharge (safe; 1% risk of failure)
Confirm with . or Enter, or press ? or * to list all spells.
You don't know that spell.
You hit the orc warrior but do no damage.
The orc warrior is heavily wounded.
The orc warrior hits you but does no damage.
Casting: Static Discharge (safe; 1% risk of failure)
Confirm with . or Enter, or press ? or * to list all spells.
Aiming: Airstrike (dangerous; 4% risk of failure)
Press: ? - help, Dir - move target, f - orc warrior
Aim: an orc warrior, wielding a +0 long sword and wearing a +0 plate armour (severely wounded, extremely poisoned, empty space bonus: 7/8)
The air twists around and strikes the orc warrior.
The orc warrior is severely wounded.
The orc warrior hits you with a +0 long sword!
You die...

Skill      XL: |  1  2  3  4  5  6  7  8 |
---------------+-------------------------+-----
Air Magic      | 5 6 7 8 |  8.7
Conjurations   | 2 3 |  3.0
Evocations     | 2 3 |  3.9
Spellcasting   | 3 4 |  4.6
Fighting       | 2 4 |  4.0
Stealth        | 5 |  5.0
Dodging        | 3 |  3.2

Action                     |  1- 3 |  4- 6 |  7- 9 || total
---------------------------+-------+-------+-------++-------
  Melee: Unarmed           |     3 |       |       ||     3
         Peck              |     1 |     3 |     5 ||     9
         Kick              |     1 |     5 |     4 ||    10
         Staff             |       |    22 |     9 ||    31
         Dagger            |       |       |     5 ||     5
   Cast: Shock             |    75 |   176 |   171 ||   422
         Static Discharge  |       |     2 |     4 ||     6
         Airstrike         |       |     2 |    24 ||    26
    Use: Scroll            |     5 |     2 |     7 ||    14
         Potion            |       |     2 |     2 ||     4
 Armour: Robe              |     5 |    27 |    22 ||    54
         Skin              |       |     7 |     9 ||    16
  Dodge: Dodged            |    20 |    30 |    46 ||    96

Levels and vault maps discovered:
D:1:      roadster_arrival_rocket_small, layout_basic, serial_shops,
          nicolae_square_shop
D:2:      layout_loops_cross, shapermc_ecumenical_altar_pompeii,
          minmay_snake_closets
D:3:      layout_basic, mainiacjoe_overflow_cross_hatched, uniq_jessica,
          uniq_robin, uniq_natasha
D:4:      layout_rooms, ebering_ghost_sewer_f,
          mainiacjoe_ossuary_entry_find_the_door
D:5:      layout_basic, minmay_misc_feat_hallway, uniq_eustachio
D:6:      minmay_goblin_kobold_castle, layout_basic, lemuel_crystal_altar,
          minmay_temple_entry_overgrown, portal_sewer_entry_d
Temple:   nicolae_temple_ecumenical_triangle

Notes
Turn   | Place    | Note
-------+----------+-------------------------------------------
     0 | D:1      | quinnr the Tengu Air Elementalist began the quest for the
                  | Orb.
     0 | D:1      | Reached XP level 1. HP: 10/10 MP: 4/4
    70 | D:1      | Found Bitu's Magic Scroll Boutique.
   230 | D:1      | Reached XP level 2. HP: 15/15 MP: 3/6
   498 | D:1      | Reached skill level 5 in Air Magic
   906 | D:1      | Reached XP level 3. HP: 19/19 MP: 1/7
   968 | D:1      | Learned a level 3 spell: Swiftness
  1501 | D:2      | Found a faded altar of an unknown god.
  1936 | D:2      | Reached skill level 6 in Air Magic
  2002 | D:2      | Reached XP level 4. HP: 24/24 MP: 4/8
  2458 | D:3      | Learned a level 2 spell: Static Discharge
  2468 | D:3      | Noticed Robin
  2670 | D:3      | Noticed Natasha
  2680 | D:3      | Killed Natasha
  2681 | D:3      | Reached skill level 2 in Conjurations
  2681 | D:3      | Reached skill level 7 in Air Magic
  2681 | D:3      | Reached XP level 5. HP: 18/28 MP: 2/9
  2693 | D:3      | Found a hide-covered altar of Uskayaw.
  2926 | D:3      | Noticed Natasha
  3059 | D:4      | Reached skill level 3 in Conjurations
  3146 | D:4      | Reached skill level 8 in Air Magic
  3146 | D:4      | Reached XP level 6. HP: 32/32 MP: 0/10
  3306 | D:4      | Found a sand-covered staircase.
  3318 | Ossuary  | Entered an ossuary
  3541 | Ossuary  | Reached skill level 1 in Evocations
  3683 | Ossuary  | Reached skill level 3 in Spellcasting
  3971 | Ossuary  | Learned a level 4 spell: Airstrike
  4207 | D:3      | Killed Robin
  4235 | D:3      | Reached skill level 2 in Evocations
  4443 | D:3      | Noticed Jessica
  4445 | D:3      | Killed Jessica
  4446 | D:3      | Gained mutation: Your magical flight helps you evade
                  | attacks. (EV +4) [Tengu growth]
  4446 | D:3      | Reached XP level 7. HP: 36/36 MP: 2/13
  4495 | D:3      | Killed Natasha
  4595 | D:3      | Noticed Natasha
  4599 | D:3      | Killed Natasha
  5030 | D:4      | Reached skill level 4 in Spellcasting
  5030 | D:4      | Reached skill level 3 in Evocations
  5234 | D:4      | Found a runed translucent door.
  5236 | D:4      | Noticed Jeffwins's ghost (novice DrSh)
  5280 | D:5      | Entered Level 5 of the Dungeon
  5336 | D:5      | Reached skill level 1 in Fighting
  5443 | D:5      | Reached skill level 2 in Fighting
  5722 | D:5      | Reached skill level 3 in Stealth
  5815 | D:5      | Noticed Eustachio
  5835 | D:5      | Killed Eustachio
  5836 | D:5      | Reached skill level 5 in Stealth
  5836 | D:5      | Reached XP level 8. HP: 28/44 MP: 5/15
  5938 | D:5      | Reached skill level 3 in Fighting
  6536 | D:6      | Found a sparkling altar of Nemelex Xobeh.
  6665 | D:6      | HP: 4/48 [electric eel/bolt of electricity (13)]
  6668 | D:6      | Found a staircase to the Ecumenical Temple.
  6681 | Temple   | Entered the Ecumenical Temple
  6841 | D:6      | Found a glowing drain.
  6850 | Sewer    | Entered a sewer
  7151 | Sewer    | Reached skill level 4 in Fighting
  8156 | D:6      | Reached skill level 3 in Dodging
  8335 | D:5      | HP: 4/72 [orc warrior/+0 long sword (9)]
  8341 | D:5      | HP: 7/72 [orc warrior/+0 long sword (7)]
  8343 | D:5      | Slain by an orc warrior

Vanquished Creatures
  Eustachio (D:5)
  An ice beast (D:5)
  An ogre (D:5)
  4 kobold brigands (Sewer)
  2 scorpions
  A jelly (D:5)
  An orc priest (D:6)
  4 sleepcaps
  Jessica (D:3)
  4 iguanas
  Natasha (thrice) (D:3)
  An orc wizard (D:6)
  A hound zombie (D:4)
  8 mummies (Ossuary)
  Robin (D:3)
  7 gnolls
  12 adders
  2 river rats (Sewer)
  A white imp (D:5)
  An adder zombie (D:4)
  2 adder skeletons (D:4)
  6 worms (Sewer)
  A dart slug (D:1)
  14 orcs
  13 ball pythons
  8 bats
  5 endoplasms
  3 giant cockroaches
  4 gnoll zombies (Ossuary)
  17 goblins
  6 hobgoblins
  4 jackals (D:2)
  15 kobolds
  A quokka (D:5)
  4 frilled lizards
  3 hobgoblin zombies (Ossuary)
  An orc zombie (Ossuary)
  6 rats
170 creatures vanquished.

Vanquished Creatures (others)
  3 kobolds (D:6)
3 creatures vanquished.

Grand Total: 173 creatures vanquished

Table legend: (Time is in decaauts)
 A = Elapsed time spent in this place.
 B = Non-inter-level travel time spent in this place.
 C = Inter-level travel time spent in this place.
 D = Time resting spent in this place.
 E = Time spent auto-exploring this place.
 F = Levels seen in this place.
 G = Mean time per level.
                   A        B        C        D        E       F      G
               +--------+--------+--------+--------+--------+-----+--------+
         Total |   8360 |   8057 |    303 |    578 |   5905 |   9 |  928.9 |
       Dungeon |   6153 |   5850 |    303 |    386 |   4246 |   6 | 1025.5 |
        Temple |    140 |    140 |      0 |    139 |      0 |   1 |  140.0 |
         Sewer |   1304 |   1304 |      0 |     21 |   1104 |   1 | 1304.0 |
       Ossuary |    761 |    761 |      0 |     32 |    555 |   1 |  761.0 |
               +--------+--------+--------+--------+--------+-----+--------+

Top non-repeatable levels by time:
     D:1: 1312 daAuts
   Sewer: 1304 daAuts
     D:2: 1254 daAuts
     D:5: 1234 daAuts
     D:3: 1180 daAuts
     D:4: 775 daAuts
 Ossuary: 761 daAuts
     D:6: 397 daAuts
  Temple: 140 daAuts

Table legend:
 A = Non-vault XP
 B = Vault XP
 C = Vault XP percentage of total XP
 D = Non-vault monster count
 E = Vault monster count
 F = Vault count percentage of total count
                 A         B        C        D         E       F
            +---------+---------+-------+---------+---------+-------
      Total |    1215 |    1069 |  46.8 |      97 |      73 |  42.9
            +---------+---------+-------+---------+---------+-------
        D:1 |      40 |       0 |   0.0 |      22 |       0 |   0.0
        D:2 |      16 |      60 |  78.9 |       9 |       9 |  50.0
        D:3 |     195 |     109 |  35.9 |      26 |      14 |  35.0
        D:4 |     216 |      39 |  15.3 |      18 |       4 |  18.2
        D:5 |     507 |     217 |  30.0 |      15 |       1 |   6.2
        D:6 |     241 |      14 |   5.5 |       7 |       1 |  12.5
      Sewer |       0 |     478 | 100.0 |       0 |      28 | 100.0
    Ossuary |       0 |     152 | 100.0 |       0 |      16 | 100.0
            +---------+---------+-------+---------+---------+-------

Levels and vault maps discovered:
D:1:      roadster_arrival_rocket_small, layout_basic, serial_shops,
          nicolae_square_shop
D:2:      layout_loops_cross, shapermc_ecumenical_altar_pompeii,
          minmay_snake_closets
D:3:      layout_basic, mainiacjoe_overflow_cross_hatched, uniq_jessica,
          uniq_robin, uniq_natasha
D:4:      layout_rooms, ebering_ghost_sewer_f,
          mainiacjoe_ossuary_entry_find_the_door
D:5:      layout_basic, minmay_misc_feat_hallway, uniq_eustachio
D:6:      minmay_goblin_kobold_castle, layout_basic, lemuel_crystal_altar,
          minmay_temple_entry_overgrown, portal_sewer_entry_d
Temple:   nicolae_temple_ecumenical_triangle
